 Dungeon Crawl Stone Soup version 0.28.0-45-g0d030f2227 (webtiles) character file.

Game seed: 10972001134673709964

103677 sking99 the Fighter (level 15, -21/134 HPs)
             Began as a Pale Draconian Venom Mage on May 23, 2022.
             Was a High Priest of Vehumet.
             Killed from afar by Ilsuiw (36 damage)
             ... with a shard of ice
             ... on level 1 of the Shoals.
             The game lasted 01:41:25 (43461 turns).

sking99 the Fighter (Pale Draconian Venom Mage)    Turns: 43461, Time: 01:41:26

Health: -21/134    AC: 19    Str: 11    XL:     15   Next: 89%
Magic:  5/31       EV: 22    Int: 22    God:    Vehumet [*****.]
Gold:   2703       SH: 13    Dex: 20    Spells: 5/38 levels left

rFire   . . .      SeeInvis .   e - staff of conjuration
rCold   . . .      Faith    .   R - +0 kite shield
rNeg    . . .      Spirit   .   (armour unavailable)
rPois   +          Reflect  .   C - +1 hat {Will+}
rElec   .          Harm     .   q - +1 cloak {Will+}
rCorr   .          Rampage  .   v - +0 pair of gloves of Ennui {rPois Will- Dex+8 Slay+3}
Will    ++...                   r - +1 pair of boots
Stlth   ++........              (no amulet)
HPRegen 0.32/turn               k - +4 ring of evasion
MPRegen 0.22/turn               L - +4 ring of protection

@: no status effects
A: breathe steam, AC +9, unfitting armour, cold-blooded, steam resistance
a: Breathe Steam, Renounce Religion


You were on level 1 of the Shoals.
You worshipped Vehumet.
Vehumet was extremely pleased with you.
You visited 5 branches of the dungeon, and saw 26 of its levels.
You also visited: Sewer and Volcano.

You collected 2703 gold pieces.

Inventory:

Hand Weapons
 a - a +2 dagger of electrocution
Missiles
 w - 11 throwing nets
Armour
 q - a +1 cloak of willpower (worn)
 r - a +1 pair of boots (worn)
 v - the +0 pair of gloves of Ennui (worn) {rPois Will- Dex+8 Slay+3}
   (You found it on level 6 of the Dungeon)

   Dex:       It affects your dexterity (+8).
   Slay:      It affects your accuracy & damage with ranged weapons and melee
   (+3).
   rPois:     It protects you from poison.
   Will:      It decreases your willpower.
 C - a +1 hat of willpower (worn)
 R - a +0 kite shield (worn)
Magical Staves
 e - a staff of conjuration (weapon)
Jewellery
 k - a +4 ring of evasion (left hand)
 o - a ring of protection from cold
 s - a ring of protection from fire
 x - a +4 ring of evasion
 y - a ring of see invisible
 J - a ring of willpower
 L - a +4 ring of protection (right hand)
 N - a ring of fire
 O - a ring of protection from fire
 P - a ring of fire
 T - an amulet of faith
Wands
 l - a wand of flame (31)
 A - a wand of acid (18)
 F - a wand of mindburst (6)
 G - a wand of iceblast (10)
 H - a wand of digging (6)
 I - a wand of polymorph (10)
 K - a wand of paralysis (13)
Scrolls
 m - 10 scrolls of teleportation
 p - 7 scrolls of blinking
 t - 3 scrolls of fear
 u - a scroll of silence
 E - 5 scrolls of fog
 S - a scroll of torment
 V - a scroll of identify
 W - 3 scrolls of enchant armour
 X - a scroll of acquirement {unknown}
 Z - a scroll of amnesia
Potions
 b - a potion of magic
 c - 5 potions of mutation
 d - 5 potions of heal wounds
 f - 3 potions of ambrosia
 g - 6 potions of brilliance
 h - 2 potions of invisibility
 i - 2 potions of lignification
 j - 5 potions of cancellation
 n - 5 potions of haste
 z - 4 potions of might
 B - 2 potions of curing
 D - 2 potions of flight
 M - a potion of attraction
 Y - 2 potions of resistance {unknown}
Miscellaneous
 Q - a condenser vane


   Skills:
 - Level 12.6 Fighting
 - Level 7.3 Staves
 - Level 10.4 Dodging
 - Level 1.7 Stealth
 + Level 11.2 Shields
 * Level 12.4 Spellcasting
 - Level 8.9 Conjurations
 - Level 2.0 Transmutations
 + Level 9.1 Ice Magic
 - Level 4.0 Air Magic
 - Level 4.3 Earth Magic
 - Level 8.2 Poison Magic
 - Level 1.2 Evocations


You had 5 spell levels left.
You knew the following spells:

 Your Spells              Type           Power      Damage    Failure   Level
a - Frozen Ramparts       Ice            100%       1d12      1%          3
b - Poisonous Vapours     Pois/Air       80%        N/A       1%          2
c - Stone Arrow           Conj/Erth      100%       3d13      1%          3
d - Mephitic Cloud        Conj/Pois/Air  61%        N/A       1%          3
e - Olgreb's Toxic Radia  Pois           50%        N/A       1%          4
f - Passwall              Tmut/Erth      22%        N/A       4%          2
g - Sting                 Tmut/Pois      100%       1d8       1%          1
h - Ozocubu's Refrigerat  Ice            26%        4d10      43%         7
x - Iskenderun's Battles  Conj           68%        2d12      1%          5
z - Ozocubu's Armour      Ice            52%        N/A       1%          3

Your spell library contained the following spells:

 Spells                   Type           Power      Damage    Failure   Level
 Lee's Rapid Deconstruct  Erth           16%        3d11*     13%         5
 Shock                    Conj/Air       100%       1d9       1%          1
 Ensorcelled Hibernation  Hex/Ice        66%        N/A       2%          2
 Swiftness                Air            31%        N/A       5%          3
 Airstrike                Air            15%        N/A       5%          4
 Wereblood                Tmut           22%        N/A       7%          2
 Animate Skeleton         Necr           26%        N/A       10%         1
 Apportation              Tloc           26%        N/A       10%         1
 Pain                     Necr           52%        1d6       10%         1
 Summon Small Mammal      Summ           52%        N/A       10%         1
 Fireball                 Conj/Fire      25%        3d11      12%         5
 Sublimation of Blood     Necr           13%        N/A       16%         2
 Gell's Gravitas          Tloc           13%        N/A       30%         3
 Teleport Other           Tloc           13%        N/A       30%         3
 Tukima's Dance           Hex            13%        N/A       30%         3
 Alistair's Intoxication  Tmut/Pois      24%        N/A       34%         5
 Metabolic Englaciation   Hex/Ice        16%        N/A       38%         5
 Anguish                  Hex/Necr       6%         N/A       69%         4
 Agony                    Necr           13%        N/A       95%         5
 Excruciating Wounds      Necr           6%         N/A       95%         5
 Starburst                Conj/Fire      25%        6d8       50%         6
 Simulacrum               Ice/Necr       16%        N/A       93%         6
 Dispersal                Tloc           6%         N/A       100%        6
 Enfeeble                 Hex            6%         N/A       100%        7
 Summon Hydra             Summ           6%         N/A       100%        7
 Ignition                 Fire           6%         3d4       100%        8
 Lehudib's Crystal Spear  Conj/Erth      29%        10d8      100%        8
 Animate Armour           Summ/Erth      Unusable   N/A       N/A         4

Dungeon Overview and Level Annotations

Branches:
Dungeon (15/15)            Temple (1/1) D:4            Lair (6/6) D:9
 Shoals (2/4) Lair:3        Snake (0/4) Lair:4        Slime (0/5) Lair:5
    Orc (2/2) D:9             Elf (0/3) Orc:2        Vaults (0/5) D:14
 Depths (0/4) D:15          Sewer (visited)         Volcano (visited)

Altars:
Ashenzari
Cheibriados
Dithmenos
Elyvilon
Fedhas
Gozag
Hepliaklqana
Kikubaaqudgha
Makhleb
Nemelex Xobeh
Okawaru
Qazlal
Ru
Sif Muna
Trog
Uskayaw
Vehumet
Wu Jian
Xom
Yredelemnul
Zin
The Shining One
Beogh
Jiyva

Shops:
D:5 *   Orc:2 !![:   Shoals:1 *[*((

Annotations:
D:6 3 runed translucent doors, PeterMcNeter's ghost, novice FoFi
Lair:3 1 runed translucent door, PanSaczeczos's ghost, journeyman TrEn
Shoals:1 Ilsuiw


Innate Abilities, Weirdness & Mutations

You can breathe blasts of scalding, opaque steam.
Your pale cyan-grey scales are hard. (AC +9)
You cannot fit into any form of body armour.
You are cold-blooded and may be slowed by cold attacks.
You are immune to the effects of steam.


Message History

You gasp with relief as air once again reaches your lungs.
You block the water elemental's attack. You block the merfolk's attack.
The water elemental closely misses you.
The water elemental completely misses you.
You block the water elemental's attack. The merfolk completely misses you.
You block the water elemental's attack. The water elemental hits you.
* * * LOW HITPOINT WARNING * * *
The water elemental engulfs you in water!
Unknown command.
You slip free of the water engulfing you.
You gasp with relief as air once again reaches your lungs.
You block the merfolk's attack. The water elemental misses you.
You see here a +0 trident.
Casting: Olgreb's Toxic Radiance (mildly dangerous; 1% risk of failure)
Confirm with . or Enter, or press ? or * to list all spells.
Aiming: Stone Arrow (safe; 1% risk of failure)
Press: ? - help, Shift-Dir - straight line, f/p - water elemental
Aim: a water elemental (almost destroyed, summoned, 87% to hit)
You feel a surge of power!
The stone arrow hits the water elemental!!
You destroy the water elemental!
The water elemental disappears in a puff of smoke!
Your battlesphere fires!
The barrage of energy hits the water elemental!
The water elemental is lightly damaged.
You block the water elemental's attack.
The merfolk hits you from afar with a +0 trident.
* * * LOW HITPOINT WARNING * * *
You block the water elemental's attack.
Casting: Stone Arrow (safe; 1% risk of failure)
Confirm with . or Enter, or press ? or * to list all spells.
Aiming: Stone Arrow (safe; 1% risk of failure)
Press: ? - help, Shift-Dir - straight line, f - water elemental
Aim: a water elemental (lightly damaged, summoned, ally target, 87% to hit)
You feel a surge of power!
The stone arrow hits the water elemental!!
The water elemental is severely damaged.
A shard of ice appears from out of thin air!
The shard of ice hits you!!!
You die...

≈≈≈≈≈≈≈≈≈....##.≈≈.≈≈≈≈≈≈≈≈≈
≈≈≈≈≈≈≈≈≈≈≈....#.≈≈≈≈≈≈≈≈≈≈≈≈
≈≈≈≈≈≈≈≈≈≈≈.≈≈≈.≈≈≈≈≈≈≈≈≈≈≈≈≈
≈≈≈≈≈≈≈≈≈≈≈≈≈≈≈≈≈≈≈≈≈≈≈.≈≈≈≈≈
≈≈≈≈≈≈≈≈≈≈≈≈≈≈≈≈≈≈≈.≈≈...≈≈≈≈
≈≈≈≈≈≈≈≈≈≈≈≈≈≈≈≈≈≈≈.........≈
≈≈≈≈≈≈≈≈≈≈≈≈m≈≈≈≈≈≈#######..≈
≈≈≈≈≈≈≈≈≈≈≈≈EE≈≈≈≈≈≈## #..≈
≈≈≈≈≈≈≈≈[≈{≈≈@≈≈≈≈≈≈.### ##.≈≈
≈≈≈≈≈≈≈≈≈≈≈≈≈.≈*≈≈≈≈...###..≈≈
≈≈≈≈≈≈≈≈≈≈..≈≈≈≈≈≈≈≈≈.....#..≈
≈≈≈≈≈≈≈≈≈≈..≈≈≈≈≈≈≈≈≈..#####.≈
≈≈≈≈≈≈≈≈..)≈≈≈≈≈≈≈≈≈≈≈.# #..
≈≈≈≈≈≈≈≈..≈≈≈≈≈≈≈≈≈≈≈≈.# #..
≈≈∩≈≈≈≈∩≈≈≈≈≈≈≈≈≈≈≈≈≈≈.# ##.≈
≈≈≈≈≈≈≈≈≈≈≈≈≈≈≈≈≈≈≈≈≈≈.# ##.≈≈
≈≈≈≈≈≈≈≈≈≈≈≈≈≈≈≈≈≈≈≈≈≈.# #..≈≈


You could see a merfolk, 2 water elementals and a friendly battlesphere
(wandering).

Vanquished Creatures
  Jorgrun (D:15)
  Rupert (D:15)
  Gastronok (D:9)
  Frances (D:12)
  An orc warlord (Orc:2)
  A red draconian (Volcano)
  A dire elephant (Lair:6)
  A merfolk impaler (Shoals:1)
  Harold (D:7)
  7 hydras
  3 boulder beetles
  2 catoblepae
  2 ogre magi
  5 centaur warriors
  A merfolk avatar (Shoals:1)
  A merfolk aquamancer (Shoals:1)
  15 two-headed ogres
  A deep troll shaman (Lair:6)
  A satyr (Shoals:1)
  4 death yaks
  Urug (Lair:6)
  A tengu warrior (D:14)
  Sonja (Lair:5)
  A shadow wraith (D:14)
  3 sea snakes (Shoals:1)
  3 harpies (Shoals:1)
  A deep elf pyromancer (D:15)
  7 orc knights
  2 necromancers
  5 orc sorcerers
  A wizard (D:15)
  An oklob plant (Lair:3)
  4 manticores (Shoals:1)
  11 ugly things
  4 cyclopes
  A naga mage (D:15)
  20 elephants
  2 water nymphs (Shoals:1)
  A molten gargoyle (Volcano)
  A black mamba (Lair:1)
  A kobold demonologist (D:13)
  14 cane toads
  2 rime drakes
  2 efreet (D:15)
  A freezing wraith (D:12)
  11 komodo dragons
  A yaktaur (shapeshifter) (D:14)
  15 merfolk (Shoals:1)
  5 trolls
  A polar bear (Lair:2)
  A wolf spider simulacrum (D:15)
  3 wind drakes (Shoals:1)
  20 blink frogs
  8 slime creatures
  A raiju (shapeshifter) (D:9)
  3 snapping turtles (Shoals:1)
  A water elemental (Shoals:1)
  A shadow (D:11)
  2 centaur simulacra
  3 wraiths
  23 yaks
  2 wyverns
  3 basilisks
  5 fire bats (Volcano)
  4 vampire mosquitoes (D:11)
  A steam dragon (D:8)
  Edmund (D:4)
  2 wargs (Orc:1)
  A swamp drake (D:9)
  16 water moccasins
  5 black bears
  An ice beast (D:6)
  A hornet zombie (D:7)
  41 orc warriors
  2 necrophages
  5 ogres
  13 wolves
  20 centaurs
  4 kobold brigands
  13 bullfrogs
  A scorpion (D:6)
  3 gnoll sergeants
  A water moccasin skeleton (D:7)
  12 killer bees
  5 electric eels
  8 wights
  7 centaur zombies
  7 lava snakes (Volcano)
  3 hounds
  6 jellies
  A gnoll shaman (D:9)
  12 orc priests
  A bullfrog skeleton (D:5)
  8 centaur skeletons
  An iguana (D:6)
  22 orc wizards
  Natasha (thrice) (D:4)
  A killer bee zombie (D:5)
  14 adders
  16 gnolls
  2 river rats (Sewer)
  2 shadow imps
  A white imp (D:7)
  An adder skeleton (D:4)
  2 worms
  A dart slug (D:1)
  65 orcs
  17 endoplasms
  7 giant cockroaches
  5 goblins
  3 hobgoblins
  4 jackals (D:2)
  A quokka (D:2)
  14 ball pythons
  9 bats
  5 frilled lizards
  15 kobolds
  10 rats
677 creatures vanquished.

Vanquished Creatures (others)
  A blink frog (Lair:3)
  A water elemental (Shoals:2)
  29 fungi
  31 plants
  2 withered plants (Lair:3)
64 creatures vanquished.

Grand Total: 741 creatures vanquished

Notes
Turn   | Place    | Note
-------+----------+-------------------------------------------
     0 | D:1      | sking99 the Draconian Venom Mage began the quest for the
                  | Orb.
     0 | D:1      | Reached XP level 1. HP: 14/14 MP: 3/3
   403 | D:1      | Reached XP level 2. HP: 22/22 MP: 1/5
   870 | D:1      | Reached skill level 1 in Fighting
  1213 | D:1      | Learned a level 2 spell: Poisonous Vapours
  1241 | D:1      | Reached XP level 3. HP: 28/28 MP: 3/6
  1776 | D:2      | Reached XP level 4. HP: 35/35 MP: 1/7
  2253 | D:2      | Learned a level 3 spell: Mephitic Cloud
  2864 | D:3      | Found a stormy altar of Qazlal.
  3187 | D:3      | Reached skill level 1 in Air Magic
  3743 | D:4      | Noticed Natasha
  3819 | D:4      | Killed Natasha
  3820 | D:4      | Reached XP level 5. HP: 39/41 MP: 1/8
  3855 | D:4      | Found a glowing drain.
  3881 | Sewer    | Entered a sewer
  3942 | Sewer    | Reached skill level 1 in Conjurations
  5127 | Sewer    | Reached skill level 5 in Poison Magic
  5127 | Sewer    | Reached XP level 6. HP: 48/48 MP: 0/9
  5361 | Sewer    | Found a shimmering altar of Xom.
  5488 | D:4      | Found a staircase to the Ecumenical Temple.
  5491 | Temple   | Entered the Ecumenical Temple
  5816 | Temple   | Became a worshipper of Vehumet
  6026 | D:4      | Noticed Natasha
  6036 | D:4      | Killed Natasha
  6126 | D:4      | Noticed Edmund
  6179 | D:4      | Killed Edmund
  6180 | D:4      | Your scales start taking on a pale cyan-grey colour.
  6180 | D:4      | Reached XP level 7. HP: 31/53 MP: 0/11
  6180 | D:4      | Gained mutation: You are immune to the effects of steam.
                  | [Pale Draconian growth]
  6487 | D:4      | Noticed Natasha
  6504 | D:4      | Killed Natasha
  6879 | D:5      | Entered Level 5 of the Dungeon
  6894 | D:4      | Learned a level 3 spell: Stone Arrow
  7044 | D:5      | You fall into a shaft and drop 1 floor!
  7148 | D:6      | Reached skill level 1 in Earth Magic
  7499 | D:6      | Identified the +0 pair of gloves of Ennui {rPois Will-
                  | Dex+8 Slay+3}
  7560 | D:5      | Found Oliy's Overcharged Wands.
  7651 | D:5      | Reached XP level 8. HP: 60/60 MP: 5/13
  8279 | D:6      | Found a runed translucent gate.
  8284 | D:6      | Found a runed translucent gate.
  8284 | D:6      | Identified the +1 plate armour of Otuof {Str+4}
  8284 | D:6      | Noticed PeterMcNeter's ghost (novice FoFi)
  8285 | D:6      | Found a runed translucent gate.
  9143 | D:6      | Learned a level 4 spell: Olgreb's Toxic Radiance
  9291 | D:7      | Noticed Harold
  9564 | D:7      | Reached * piety under Vehumet
  9564 | D:7      | Offered knowledge of Freeze by Vehumet.
 10002 | D:7      | Killed Harold
 10003 | D:7      | Reached skill level 5 in Conjurations
 10003 | D:7      | Reached XP level 9. HP: 18/67 MP: 0/15
 10853 | D:7      | Found an iron altar of Okawaru.
 10870 | D:7      | Found a bloodstained altar of Trog.
 11510 | D:7      | Found a shadowy altar of Dithmenos.
 12068 | D:8      | Reached skill level 5 in Fighting
 12880 | D:8      | Reached XP level 10. HP: 81/82 MP: 11/16
 13248 | D:8      | Learned a level 2 spell: Passwall
 13249 | D:9      | Found a staircase to the Orcish Mines.
 13250 | D:9      | Found a snail-covered altar of Cheibriados.
 13341 | D:9      | Noticed Gastronok
 13374 | D:9      | Killed Gastronok
 13375 | D:9      | Reached skill level 5 in Dodging
 13375 | D:9      | Reached skill level 5 in Spellcasting
 13721 | D:9      | Reached ** piety under Vehumet
 13724 | D:9      | Offered knowledge of Sandblast by Vehumet.
 13860 | D:9      | Noticed a guardian serpent
 14513 | D:9      | Found a glowing silver altar of Zin.
 15241 | D:9      | Found a staircase to the Lair.
 15433 | D:10     | Entered Level 10 of the Dungeon
 15968 | D:10     | Offered knowledge of Frozen Ramparts by Vehumet.
 15978 | D:10     | Reached XP level 11. HP: 94/94 MP: 2/20
 16865 | D:10     | Found a hide-covered altar of Uskayaw.
 16987 | D:10     | Found a broken altar of Ashenzari.
 17302 | Lair:1   | Entered Level 1 of the Lair of Beasts
 17317 | Lair:1   | Learned a level 3 spell: Frozen Ramparts
 17334 | Lair:1   | Reached *** piety under Vehumet
 17390 | Lair:1   | Reached skill level 1 in Ice Magic
 18581 | Lair:2   | Noticed a five-headed hydra
 19047 | Lair:2   | Offered knowledge of Inner Flame by Vehumet.
 19225 | Lair:2   | Killed a five-headed hydra
 19308 | Lair:2   | Reached skill level 5 in Ice Magic
 20185 | Lair:3   | Reached XP level 12. HP: 105/106 MP: 3/24
 20423 | Lair:3   | Found a staircase to the Shoals.
 20578 | Lair:3   | Noticed an eight-headed hydra
 20588 | Lair:3   | Killed an eight-headed hydra
 20589 | Lair:3   | Reached skill level 10 in Fighting
 20589 | Lair:3   | Reached skill level 1 in Staves
 20767 | Lair:3   | Found a bloodstained altar of Trog.
 20894 | Lair:3   | Found a runed translucent door.
 20894 | Lair:3   | Noticed PanSaczeczos's ghost (journeyman TrEn)
 20946 | Lair:3   | Noticed a catoblepas
 20964 | Lair:3   | Reached **** piety under Vehumet
 20966 | Lair:3   | Killed a catoblepas
 21735 | Lair:4   | Learned a level 3 spell: Ozocubu's Armour
 21949 | Lair:4   | Noticed a four-headed hydra
 21971 | Lair:4   | Killed a four-headed hydra
 22068 | Lair:4   | Noticed a four-headed hydra
 22081 | Lair:4   | Killed a four-headed hydra
 22081 | Lair:4   | Offered knowledge of Iskenderun's Battlesphere by Vehumet.
 22112 | Lair:4   | Learned a level 5 spell: Iskenderun's Battlesphere
 22243 | Lair:4   | Found a staircase to the Snake Pit.
 22344 | Lair:4   | Noticed a six-headed hydra
 22351 | Lair:4   | Killed a six-headed hydra
 23092 | Lair:5   | Found a dark tunnel.
 23102 | Volcano  | Entered a volcano
 23620 | Volcano  | Noticed a two-headed ogre
 23627 | Volcano  | Killed a two-headed ogre
 23678 | Volcano  | Noticed a two-headed ogre
 23684 | Volcano  | Noticed a two-headed ogre
 23689 | Volcano  | Noticed an ogre mage
 23689 | Volcano  | Noticed a two-headed ogre
 23698 | Volcano  | Killed a two-headed ogre
 23699 | Volcano  | Killed an ogre mage
 23700 | Volcano  | Reached XP level 13. HP: 45/116 MP: 5/26
 23701 | Volcano  | HP: 5/116 [two-headed ogre/+0 giant club of flaming (6)]
 23703 | Volcano  | Reached skill level 5 in Staves
 23722 | Volcano  | Noticed a red draconian
 23728 | Volcano  | Found a burning altar of Makhleb.
 23852 | Volcano  | Killed a red draconian
 24295 | Lair:5   | Noticed Sonja
 24299 | Lair:5   | Killed Sonja
 25210 | Lair:5   | Found a viscous altar of Jiyva.
 25211 | Lair:5   | Found a staircase to the Slime Pits.
 25624 | Lair:6   | Entered Level 6 of the Lair of Beasts
 25968 | Lair:6   | Noticed Urug
 26026 | Lair:6   | Killed Urug
 26027 | Lair:6   | Reached skill level 10 in Spellcasting
 26255 | Lair:6   | Reached skill level 10 in Dodging
 27678 | Lair:6   | Reached XP level 14. HP: 124/127 MP: 10/28
 28344 | Orc:1    | Entered Level 1 of the Orcish Mines
 29083 | Orc:1    | Reached skill level 1 in Evocations
 29414 | Orc:1    | Reached skill level 1 in Shields
 29785 | Orc:2    | Entered Level 2 of the Orcish Mines
 29792 | Orc:2    | Reached ***** piety under Vehumet
 29792 | Orc:2    | Offered knowledge of Ozocubu's Refrigeration by Vehumet.
 29920 | Orc:1    | Learned a level 7 spell: Ozocubu's Refrigeration
 30192 | Orc:2    | Found a staircase to the Elven Halls.
 30696 | Orc:2    | Noticed an orc warlord
 30714 | Orc:2    | Killed an orc warlord
 30715 | Orc:2    | Reached skill level 5 in Shields
 31839 | Orc:2    | Found Woosu's Antique Armour Shoppe.
 31839 | Orc:2    | Found Oskudd Peget's Distillery.
 31841 | Orc:2    | Found Ixkarr's Distillery.
 31843 | Orc:2    | Found Nouh's Book Emporium.
 34627 | D:12     | Noticed Frances
 34628 | D:12     | Found a shimmering altar of Xom.
 34652 | D:12     | Killed Frances
 36537 | D:14     | Found a gate to the Vaults.
 36777 | D:14     | Reached XP level 15. HP: 134/134 MP: 11/30
 37395 | D:14     | Offered knowledge of Spellforged Servitor by Vehumet.
 38035 | D:15     | Entered Level 15 of the Dungeon
 38067 | D:15     | Noticed Jorgrun
 38080 | D:15     | Killed Jorgrun
 38591 | D:15     | Noticed Rupert
 38603 | D:15     | Killed Rupert
 39417 | D:15     | Reached skill level 10 in Shields
 39944 | D:15     | Found a staircase to the Depths.
 40475 | Shoals:1 | Entered Level 1 of the Shoals
 40628 | Shoals:1 | Found Gepilod's Weapon Shop.
 42181 | Shoals:1 | Found Horun's Visitors' Centre.
 42190 | Shoals:1 | Offered knowledge of Lee's Rapid Deconstruction by Vehumet.
 42888 | Shoals:1 | Found Horun's Merfolk Magic.
 42894 | Shoals:1 | Found Horun's Merfolk Weapons.
 42894 | Shoals:1 | Found Horun's Merfolk Armours.
 43056 | Shoals:2 | Noticed Ilsuiw
 43056 | Shoals:2 | Found a hide-covered altar of Uskayaw.
 43461 | Shoals:1 | Killed from afar by Ilsuiw

Illustrated notes

Levels and vault maps discovered:
D:1:      dpeg_arrival_water_fire, layout_basic
D:2:      layout_loops_cross, minmay_crystal_room
D:3:      layout_rooms, nicolae_qazlal_scattered_showers,
          guppyfry_early_lair_pool
D:4:      layout_loops_ring, minmay_temple_entry_waves, portal_sewer_entry_a,
          minivault_19, uniq_natasha, uniq_edmund
D:5:      layout_cave_pools, nicolae_shop_overcharged_wands
D:6:      layout_basic, biasface_ghost_orc_armoury
D:7:      layout_gridville, overflow_temple_1_default, kennysheep_mini_moat,
          kennysheep_okawaru_gauntlet, uniq_harold
D:8:      layout_basic
D:9:      layout_roguey, grunt_temple_overflow_open, erik_lair_dragon,
          uniq_gastronok
D:10:     layout_grid_maze, nicolae_uskayaw_suspiria, lemuel_round_altar,
          serial_bayou_lagoon_b
D:11:     layout_basic, minmay_misc_feat_x, mrwooster_statue_mirror
D:12:     layout_small_grid, tgw_xom, uniq_frances
D:13:     layout_basic
D:14:     layout_layer_cave, david_vaults_4, hangedman_decor_diamond_cutter,
          hangedman_weighted_door
D:15:     grunt_enter_depths_magical_seal, layout_irregular_city,
          hangedman_decor_lopped, hangedman_decor_clover_reticule, uniq_jorgrun,
          uniq_rupert
Temple:   dpeg_chambers_temple
Lair:1:   layout_gridlike, serial_bayou_lake_a
Lair:2:   layout_misc_corridors
Lair:3:   layout_regular_city, elwin_shoals_entry_rocks, gammafunk_ghost_grave,
          lemuel_oklob_altar
Lair:4:   layout_big_grid, dummy_snake_entry
Lair:5:   layout_long_grid, dpeg_slime_entry_enclosed_altar,
          lightli_volcano_entry_magma_tube, st_stairs_7, grunt_megastairs_1,
          uniq_sonja
Lair:6:   grunt_lair_end_beastmaster, layout_cave_shapes, uniq_urug
Shoals:1: nicolae_shoals_mermall, layout_shoals, serial_shops, shop,
          nzn_prometheus_bound
Shoals:2: layout_shoals, serial_shops, freezing_bzr, lemuel_centaur_altar,
          uniq_ilsuiw, uniq_polyphemus
Orc:1:    layout_diamond_mine, basic_altar, sword_in_stone
Orc:2:    st_orc_rangers, layout_caves, basic_altar, nicolae_orc_tapped_out

Skill      XL: |  1  2  3  4  5  6  7  8  9 10 11 12 13 14 15 |
---------------+----------------------------------------------+-----
Fighting       | 1 5 8 9 11 12 | 12.6
Poison Magic   | 4 5 6 7 8 |  8.2
Transmutations | 2 |  2.0
Air Magic      | 1 2 3 4 |  4.0
Conjurations   | 1 2 3 5 6 7 8 |  8.9
Spellcasting   | 3 4 6 8 9 10 11 12 | 12.4
Earth Magic    | 1 3 4 |  4.3
Dodging        | 4 6 7 9 10 | 10.4
Ice Magic      | 5 7 9 |  9.1
Staves         | 4 7 |  7.3
Evocations     | 1 |  1.2
Shields        | 8 11 | 11.2
Stealth        | |  1.7

Action                   |  1- 3 |  4- 6 |  7- 9 | 10-12 | 13-15 || total
-------------------------+-------+-------+-------+-------+-------++-------
Melee: Unarmed           |    10 |       |       |       |       ||    10
       Dagger            |    15 |    45 |    74 |    34 |       ||   168
       Tailslap          |     2 |     3 |    12 |     5 |    28 ||    50
       Punch             |       |       |       |     2 |       ||     2
       Staff             |       |       |       |    15 |    90 ||   105
 Cast: Sting             |    72 |   111 |    42 |    21 |       ||   246
       Poisonous Vapours |       |    52 |    83 |   106 |   115 ||   356
       Stone Arrow       |       |       |    58 |   178 |   643 ||   879
       Olgreb's Toxic Ra |       |       |     7 |    41 |    72 ||   120
       Mephitic Cloud    |       |       |     1 |    14 |    21 ||    36
       Frozen Ramparts   |       |       |       |    22 |    35 ||    57
       Iskenderun's Batt |       |       |       |    12 |    46 ||    58
       Ozocubu's Armour  |       |       |       |     4 |     5 ||     9
 Abil: Breathe Steam     |       |       |     3 |     1 |     2 ||     6
Evoke: Wand              |       |       |       |       |     1 ||     1
  Use: Scroll            |       |     6 |     6 |     9 |     9 ||    30
       Potion            |       |       |       |       |     5 ||     5
 Stab: Sleeping          |       |     1 |       |       |       ||     1
Armor: Skin              |    28 |    13 |    40 |    24 |   129 ||   234
Dodge: Dodged            |    61 |    67 |   139 |   201 |   461 ||   929
Block: Kite shield       |       |       |       |       |   234 ||   234
